Map: Catalyst LE

Players

Cholatekno - Winner!

  • Race: Zerg Zerg
  • League: Diamond
  • Spawn Location: 11:00

Amedis

  • Race: Zerg Zerg
  • League: Diamond
  • Spawn Location: 5:00

VOD

Have the link to the VOD?

Description

double cheese is too cheesy

Time

  • Played on: April 18, 2018, 7:24 a.m.
  • Length: 32:25
Show
View Real Time Build Order
Export as new Build Order

Cholatekno Zerg - Winner!

Build Orders: Pool First, Muta Ling Bane 

Get SALT Encoding   

  12  0:18  Spawning Pool  
  11  0:23  Drone  
  11  0:26  Drone  
  13  0:33  Drone  
  14  0:40  Overlord  
  14  1:07  Zergling x6  
  17  1:19  Extractor  
  17  1:22  Hatchery  
  15  1:29  Drone  
  15  1:31  Drone  
  17  1:39  Queen  
  19  1:44  Drone  
  19  2:08  Drone  
  19  2:11  Zergling x2  
  19  2:14  Overlord  
  21  2:27  Metabolic Boost  
  21  2:31  Queen  
  21  2:32  Zergling x2  
  21  2:33  Zergling x2  
  21  2:36  Zergling x2  
  26  2:45  Zergling x4  
  25  3:10  Zergling x8  
  24  3:32  Queen  
  24  3:35  Zergling x6  
  24  3:36  Zergling x4  
  29  3:42  Drone x2  
  31  3:52  Drone x3  
  34  4:00  Drone x2  
  36  4:07  Overlord  
  30  4:40  Zergling x4  
  30  4:41  Zergling x12  
  35  4:57  Baneling Nest, Drone x2  
  36  5:00  Extractor  
  36  5:06  Evolution Chamber  
  34  5:07  Drone  
  34  5:08  Hatchery  
  34  5:26  Drone  
  34  5:27  Drone x6  
  36  5:49  Drone x8  
  44  5:53  Zerg Melee Weapons Level 1  
  44  5:58  Lair  
  44  6:12  Extractor  
  44  6:14  Extractor  
  43  6:18  Zergling x4  
  43  6:23  Zergling x10  
  43  6:24  Zergling x2  
  50  6:37  Baneling  
  50  6:38  Baneling  
  50  6:39  Baneling  
  50  6:51  Overlord  
  50  6:53  Overlord x2  
  50  6:54  Overlord  
  50  7:01  Spire  
  50  7:05  Centrifical Hooks  
  49  7:09  Baneling x3  
  49  7:12  Drone x7  
  49  7:14  Drone  
  57  7:16  Drone  
  58  7:26  Drone x4  
  62  7:35  Zergling x2  
  62  7:36  Zergling x8  
  67  7:38  Zergling x2  
  67  7:39  Baneling  
  67  7:40  Baneling  
  67  7:43  Overlord  
  68  7:55  Zergling x12  
  74  7:59  Zerg Ground Armor Level 1  
  74  8:02  Queen  
  76  8:12  Overlord  
  76  8:14  Overlord  
  76  8:15  Overlord  
  76  8:25  Overlord  
  76  8:26  Overlord  
  76  8:31  Zerg Flyer Weapons Level 1  
  63  8:45  Zergling x6  
  63  8:46  Zergling x20  
  70  8:54  Mutalisk x3  
  76  8:57  Mutalisk x2  
  76  9:11  Mutalisk  
  76  9:12  Mutalisk x2  
  76  9:13  Mutalisk  
  76  9:14  Mutalisk x3  
  77  9:31  Zergling x8  
  72  9:59  Zergling x8  
  70  10:00  Zergling x2  
  57  10:08  Zergling x2  
  54  10:27  Mutalisk x2  
  53  10:36  Mutalisk  
  53  10:37  Queen  
  57  10:49  Hatchery  
  56  11:04  Hatchery  
  55  11:11  Drone x6  
  59  11:13  Zerg Melee Weapons Level 2  
  61  11:18  Zergling x2  
  54  11:52  Drone x5  
  59  11:55  Queen  
  61  12:01  Queen  
  63  12:15  Extractor, Drone x2  
  62  12:16  Drone x2  
  62  12:17  Extractor  
  62  12:19  Queen  
  67  12:49  Zergling x12  
  67  12:50  Zergling x8  
  77  12:57  Zergling x2  
  78  13:00  Zergling x2  
  78  13:02  Overlord  
  78  13:03  Evolution Chamber  
  78  13:12  Zergling x6  
  81  13:20  Drone  
  82  13:29  Zerg Ground Armor Level 2  
  82  13:42  Baneling x2  
  82  13:43  Baneling x8  
  82  13:44  Baneling x6  
  82  13:45  Drone x5  
  82  13:46  Drone x7  
  94  14:00  Infestation Pit  
  94  14:01  Drone  
  94  14:02  Drone x2  
  96  14:16  Hatchery  
  95  14:21  Drone x3  
  95  14:22  Overlord  
  95  14:24  Overlord x2  
  98  14:33  Extractor  
  98  14:35  Extractor  
  98  14:38  Drone x2  
  98  14:39  Overlord  
  98  14:40  Overlord  
  98  14:41  Overlord  
  98  14:46  Hive, Pneumatized Carapace  
  98  14:49  Overlord  
  98  14:50  Overlord  
  98  15:09  Infestor  
  98  15:10  Infestor x5  
  110  15:14  Pathogen Glands  
  110  15:19  Baneling x3  
  110  15:20  Baneling x3  
  110  15:24  Drone x4  
  114  15:28  Drone  
  114  15:29  Drone x2  
  114  15:30  Drone  
  118  15:36  Drone x3  
  118  15:37  Drone  
  122  15:45  Zergling x8  
  122  15:46  Zergling x4  
  128  15:53  Burrow  
  128  15:58  Drone x5  
  128  15:59  Drone  
  134  16:18  Unknown x3  
  133  16:19  Unknown x6  
  133  16:20  Zergling x2  
  133  16:21  Zergling x12  
  133  16:22  Zergling x10  
  145  16:42  Zergling x12  
  145  16:43  Zergling x8  
  145  16:44  Overlord  
  145  16:46  Baneling  
  155  16:47  Baneling x9  
  155  16:48  Baneling x4  
  155  16:57  Zerg Ground Armor Level 3, Zerg Melee Weapons Level 3  
  155  16:58  Adrenal Glands  
  155  17:03  Extractor, Overlord  
  155  17:04  Overlord  
  155  17:07  Extractor  
  153  17:13  Overseer  
  137  17:49  Infestor x6  
  106  18:15  Infestor x6  
  106  18:28  Zergling x2  
  106  18:29  Zergling x18  
  106  18:30  Zergling x22  
  106  18:31  Zergling x18  
  136  18:54  Baneling x7  
  136  18:55  Baneling x11  
  136  18:56  Baneling, Overseer x3  
  136  19:02  Hatchery  
  95  19:38  Zerg Missile Weapons Level 1  
  95  19:43  Zergling x8  
  95  19:44  Zergling x24  
  95  19:45  Zergling x24  
  121  19:46  Zergling x14  
  130  19:57  Spire  
  119  20:51  Overlord x2  
  115  21:03  Baneling x7  
  115  21:04  Baneling x6  
  113  21:08  Mutalisk  
  113  21:09  Mutalisk x12  
  113  21:10  Mutalisk x11  
  113  21:11  Mutalisk x3  
  161  21:13  Zergling x12  
  161  21:14  Zergling x12  
  179  21:24  Zergling x4  
  179  21:25  Zergling x6  
  178  21:32  Baneling  
  178  21:33  Baneling x10  
  178  21:34  Baneling x4  
  178  21:50  Infestor x6  
  124  22:32  Zergling x6  
  124  22:33  Zergling x12  
  115  22:47  Mutalisk  
  115  22:48  Mutalisk x9  
  115  22:49  Mutalisk x2  
  130  23:22  Mutalisk  
  130  23:23  Mutalisk x5  
  142  23:30  Queen  
  142  23:33  Zergling x12  
  142  23:34  Zergling x24  
  154  23:35  Zergling x22  
  154  23:36  Zergling x18  
  181  23:42  Zerg Flyer Weapons Level 2  
  181  23:44  Zerg Missile Weapons Level 2  
  181  23:50  Extractor  
  181  23:51  Drone x5  
  181  23:52  Drone x3  
  181  23:53  Extractor  
  187  24:05  Baneling  
  187  24:06  Baneling x6  
  187  24:07  Baneling x7  
  158  24:52  Mutalisk  
  157  24:53  Mutalisk x6  
  157  24:55  Zergling x6  
  157  24:56  Zergling x22  
  157  24:57  Zergling x24  
  157  24:58  Zergling x2  
  198  25:05  Overlord x2  
  195  25:38  Zergling x2  
  195  25:39  Zergling x14  
  198  25:48  Overlord x2  
  198  25:49  Overlord  
  178  26:14  Hatchery  
  154  26:52  Mutalisk  
  154  26:53  Mutalisk x13  
  154  26:54  Mutalisk x3  
  176  26:57  Zergling x10  
  176  26:58  Zergling x4  
  195  27:11  Overseer x2  
  195  27:17  Extractor  
  195  27:19  Extractor  
  185  28:06  Corruptor x5  
  185  28:07  Corruptor  
  189  29:06  Corruptor  
  189  29:08  Corruptor  
  191  29:11  Greater Spire  
  191  29:43  Hatchery  
  167  30:25  Brood Lord  
  167  30:26  Brood Lord x7  
  183  30:32  Zergling x2  
  183  30:33  Zergling x18  
  183  30:34  Zergling x14  
  168  31:43  Corruptor x4  
  168  31:44  Corruptor x3  
Show
View Real Time Build Order
Export as new Build Order

Amedis Zerg 

Build Orders: Pool First 

Get SALT Encoding   

  12  0:00  Drone  
  13  0:30  Spawning Pool  
  13  0:35  Drone x2  
  14  0:39  Extractor  
  14  0:41  Extractor, Drone  
  13  0:45  Drone  
  15  0:56  Overlord  
  15  1:17  Queen  
  17  1:18  Zergling x2  
  17  1:19  Zergling x2  
  19  1:28  Zergling x2  
  19  1:30  Baneling Nest  
  19  1:39  Zergling x2  
  20  1:50  Zergling x2  
  21  2:07  Drone  
  21  2:20  Metabolic Boost  
  21  2:21  Hatchery  
  21  2:22  Drone  
  21  2:35  Overlord  
  22  2:58  Drone x3  
  23  3:30  Drone x4  
  23  3:31  Drone x2  
  26  3:38  Zergling x2  
  26  3:40  Queen  
  29  3:45  Zergling x4  
  31  3:58  Baneling  
  31  3:59  Baneling, Zergling x6  
  31  4:00  Zergling x4  
  36  4:06  Overlord  
  35  4:23  Baneling x2  
  35  4:36  Queen  
  35  4:41  Baneling  
  35  4:45  Drone x5  
  38  4:46  Drone  
  38  4:51  Extractor, Lair  
  39  4:56  Overlord, Hatchery  
  38  5:20  Drone x3  
  41  5:21  Drone  
  41  5:22  Drone  
  41  5:25  Drone x2  
  41  5:26  Roach Warren  
  41  5:38  Zergling x6  
  41  5:39  Zergling x2  
  42  5:50  Drone x4  
  42  5:51  Drone  
  42  5:53  Extractor  
  42  5:55  Extractor  
  45  6:00  Evolution Chamber  
  45  6:02  Evolution Chamber  
  43  6:07  Queen  
  43  6:09  Zergling x2  
  43  6:10  Roach x5  
  56  6:18  Drone x2  
  58  6:30  Zerg Ground Armor Level 1, Zerg Missile Weapons Level 1  
  58  6:31  Glial Reconstitution  
  58  6:42  Overlord x3  
  58  6:51  Overseer  
  58  7:00  Ravager  
  58  7:01  Ravager x2  
  61  7:11  Ravager  
  62  7:19  Roach  
  62  7:21  Roach  
  66  7:41  Roach x4  
  74  7:52  Overlord x4  
  74  8:11  Zergling x18  
  74  8:12  Zergling x6  
  86  8:31  Roach  
  86  8:32  Roach x7  
  86  8:33  Roach x2  
  103  8:47  Roach  
  105  8:48  Overlord  
  105  8:49  Overlord x2  
  92  9:15  Zergling x12  
  92  9:16  Zergling x12  
  103  9:30  Ravager x4  
  107  9:32  Zergling x10  
  107  9:33  Zergling x14  
  114  9:38  Ravager  
  102  9:53  Zergling x2  
  102  9:54  Zergling x10  
  102  9:59  Drone  
  100  10:01  Spore Crawler  
  100  10:03  Spore Crawler  
  100  10:05  Spore Crawler  
  85  10:08  Spore Crawler  
  85  10:09  Zerg Missile Weapons Level 2  
  85  10:12  Zergling x4  
  85  10:13  Zergling x6, Spore Crawler  
  44  10:53  Drone  
  44  10:54  Drone x2  
  44  10:55  Drone x2  
  44  10:56  Drone  
  44  10:57  Drone x6  
  52  11:03  Hydralisk Den  
  52  11:05  Spore Crawler  
  52  11:08  Spore Crawler  
  50  11:13  Spore Crawler  
  50  11:15  Drone x3  
  50  11:17  Drone x2  
  50  11:18  Extractor, Drone  
  55  11:19  Spore Crawler  
  55  11:22  Extractor  
  55  11:24  Roach x5  
  64  11:36  Spore Crawler  
  64  11:38  Hydralisk x3  
  67  11:45  Hatchery  
  66  11:49  Hydralisk x2  
  70  11:55  Spore Crawler  
  70  11:57  Zerg Ground Armor Level 2  
  70  11:58  Spore Crawler  
  68  12:01  Drone  
  68  12:03  Spore Crawler, Drone x2  
  70  12:09  Spore Crawler, Overseer  
  70  12:11  Overlord  
  70  12:13  Hydralisk  
  71  12:17  Grooved Spines  
  71  12:23  Drone x3  
  74  12:43  Overseer  
  73  12:46  Hydralisk  
  73  12:48  Hatchery  
  73  12:51  Drone  
  73  12:52  Drone  
  75  12:59  Drone x3  
  75  13:03  Drone x2  
  80  13:13  Spore Crawler, Drone x2  
  80  13:14  Spore Crawler  
  80  13:29  Muscular Augments  
  80  13:38  Roach  
  80  13:39  Roach x5  
  80  13:40  Hydralisk x2  
  93  13:44  Pneumatized Carapace  
  93  14:01  Queen  
  95  14:10  Drone  
  95  14:11  Drone x4  
  95  14:12  Hydralisk x2  
  95  14:13  Hydralisk x2  
  108  14:20  Drone x3  
  108  14:21  Drone  
  112  14:34  Infestation Pit, Overseer  
  112  14:37  Overlord  
  112  14:38  Overlord  
  111  14:39  Overlord  
  111  14:40  Overseer  
  111  14:42  Overseer  
  111  14:54  Extractor  
  111  14:56  Extractor  
  109  15:05  Hydralisk x4  
  109  15:06  Hydralisk x4  
  125  15:29  Hive  
  125  15:37  Spire  
  125  15:39  Spire  
  125  15:42  Drone x3  
  126  15:43  Drone x3  
  126  15:46  Hydralisk x4  
  137  15:50  Zergling x4  
  137  15:51  Zergling x4  
  141  16:31  Roach  
  141  16:32  Overlord  
  143  16:33  Overlord x5  
  143  16:58  Zerg Flyer Armor Level 1, Zerg Flyer Weapons Level 1  
  143  17:06  Zerg Ground Armor Level 3, Zerg Missile Weapons Level 3  
  143  17:09  Ultralisk Cavern  
  143  17:11  Queen  
  143  17:13  Zergling x2  
  143  17:14  Roach x5  
  143  17:15  Roach x7, Hatchery  
  168  17:16  Roach  
  167  17:47  Zergling x6  
  167  17:48  Zergling x26  
  167  17:49  Hydralisk  
  104  17:59  Hydralisk x2  
  104  18:00  Hydralisk  
  107  18:11  Zergling x6  
  108  18:13  Hydralisk x3  
  108  18:14  Hydralisk  
  114  18:22  Hydralisk  
  114  18:23  Hydralisk x5  
  125  18:42  Corruptor x2  
  125  18:43  Corruptor  
  125  18:45  Ultralisk  
  126  19:05  Hydralisk x2  
  126  19:06  Hydralisk x5  
  103  19:20  Zergling x14  
  104  19:29  Ultralisk  
  110  19:33  Ultralisk  
  110  19:36  Drone x2  
  118  19:57  Overlord  
  118  19:59  Overlord  
  118  20:04  Drone x3  
  121  20:14  Hatchery  
  121  20:16  Ultralisk x2  
  118  20:48  Ultralisk x2  
  125  20:50  Hatchery  
  116  21:24  Zerg Melee Weapons Level 1  
  116  21:25  Hatchery  
  115  21:58  Hydralisk x3  
  115  21:59  Hydralisk x2  
  99  22:25  Hydralisk x2  
  99  22:26  Hydralisk x3  
  85  22:39  Hydralisk x3  
  83  22:48  Extractor  
  83  22:50  Extractor  
  81  22:52  Queen  
  79  23:11  Zergling x2  
  69  24:14  Drone x4  
  73  24:36  Drone x2  
  74  25:14  Hatchery  
  73  25:36  Drone  
  74  26:01  Drone  
  73  26:22  Drone  
  74  26:33  Drone  
  65  26:57  Drone x4  
  69  27:52  Hatchery  
  68  29:48  Hatchery  
  67  29:53  Hatchery  
  66  30:04  Hydralisk x3  
  72  30:23  Hydralisk  
  74  30:32  Hatchery  
  73  30:41  Hydralisk  
  75  31:07  Hydralisk x2  
  75  31:08  Hydralisk x4  
  85  31:16  Drone x2  
  85  31:17  Drone  
  54  31:40  Drone x2  
  54  31:46  Drone  
  57  31:58  Drone  
Tags
 
Add a new tag
Caveats
  • Supply blocks, unpowered buildings, or Contaminate may cause inaccurate times.
  • Supply counts are checked every 10 seconds.